 Dungeon Crawl Stone Soup version 0.29-a0-118-g06d03a830b (webtiles) character file.

Game seed: 11101415501818506464

209 Gargoyl the Skirmisher (level 5, -2/33 HPs)
             Began as a Gargoyle Abyssal Knight on Feb 19, 2022.
             Was a Believer of Lugonu.
             Slain by a shadow imp (4 damage)
             ... summoned by Eustachio
             ... on level 4 of the Dungeon.
             The game lasted 00:04:59 (4167 turns).

Gargoyl the Skirmisher (Gargoyle Abyssal Knight)    Turns: 4167, Time: 00:04:59

Health: -2/33      AC: 14    Str: 18      XL:     5   Next: 87%
Magic:  6/6        EV:  7    Int: 11      God:    Lugonu [**....]
Gold:   187        SH:  5    Dex:  9 (10) Spells: 4/4 levels left

rFire   . . .      SeeInvis .   a - +1 hand axe
rCold   . . .      Faith    .   (no shield)
rNeg    + . .      Spirit   .   e - +0 chain mail
rPois   ∞          Reflect  +   h - +0 helmet
rElec   +          Harm     .   (no cloak)
rCorr   .          Rampage  .   (no gloves)
Will    .....                   (no boots)
Stlth   ..........              l - amulet of reflection
HPRegen 0.11/turn               (no ring)
MPRegen 0.10/turn               (no ring)

@: no status effects
A: sickness immunity, AC +4, negative energy resistance 1, electricity
resistance, torment resistance 1, petrification resistance
a: Renounce Religion, Depart the Abyss, Bend Space


You were on level 4 of the Dungeon.
You worshipped Lugonu.
Lugonu was pleased with you.
You visited 1 branch of the dungeon, and saw 4 of its levels.
You visited the Abyss 1 time.

You collected 187 gold pieces.

Inventory:

Hand Weapons
 a - a +1 hand axe (weapon)
Missiles
 b - a poisoned dart (quivered)
Armour
 e - a +0 chain mail (worn)
 h - a +0 helmet (worn)
Jewellery
 l - an amulet of reflection (around neck)
 n - an amulet of the acrobat
Wands
 i - a wand of mindburst (6)
Scrolls
 k - a scroll of teleportation
 m - a scroll of identify
Potions
 d - a potion of cancellation
 f - a potion of attraction


   Skills:
 + Level 4.2 Fighting
 + Level 3.8 Axes
 + Level 2.8 Armour
 + Level 1.9 Dodging
 + Level 1.0 Stealth
 + Level 0.9 Shields
 + Level 2.0 Invocations


You had 4 spell levels left.
You didn't know any spells.
Your spell library contained the following spells:

 Spells                   Type           Power      Damage    Failure   Level
 Animate Skeleton         Necr           0%         N/A       99%         1
 Apportation              Tloc           0%         N/A       99%         1
 Magic Dart               Conj           0%         1d3       99%         1
 Summon Small Mammal      Summ           0%         N/A       99%         1


Dungeon Overview and Level Annotations

Branches:
Dungeon (4/15)
 Temple: D:4-7

Altars:
Kikubaaqudgha
Sif Muna
Vehumet

Annotations:
D:4 Eustachio


Innate Abilities, Weirdness & Mutations

You are immune to sickness and miasma.
Your stone body is resilient. (AC +4)
You are immune to poison.
You resist negative energy. (rN+)
You are resistant to electric shocks. (rElec)
You are resistant to unholy torment.
You are immune to petrification.


Message History

You hit Eustachio.
Eustachio is heavily wounded.
You hit the shadow imp.
You kill the shadow imp!
The shadow imp disappears in a puff of smoke!
You closely miss the shadow imp. Eustachio hits you with a +0 falchion.
The shadow imp hits you but does no damage.
You hit Eustachio.
Eustachio is heavily wounded.
You closely miss the shadow imp.
Eustachio looks more healthy.
You block Eustachio's attack. The shadow imp completely misses you.
Unknown command.
You hit Eustachio.
Eustachio is heavily wounded.
You hit the shadow imp. Eustachio hits you with a +0 falchion.
* * * LOW HITPOINT WARNING * * *
The shadow imp barely misses you.
Unknown command.
Eustachio casts a spell.
The shadow imp hits you but does no damage.
You see here 2 poisoned darts.
b - 2 poisoned darts Eustachio gestures wildly while chanting.
The bat hits you but does no damage.
The shadow imp hits you but does no damage.
Throw: 2 darts (poison)
Press: ? - help, Q - select action, (/) - cycle Shift-Dir - straight line, f/p - Eustachio
Aim: Eustachio, wielding a +0 falchion, wearing a +0 leather armour and carrying a wand of flame (6) (heavily wounded, 43% to hit)
You throw a poisoned dart.
The poisoned dart barely misses Eustachio.
The poisoned dart hits the rat.
The bat hits you.
* * * LOW HITPOINT WARNING * * *
The bat barely misses you. Eustachio barely misses you.
The shadow imp hits you.
* * * LOW HITPOINT WARNING * * *
The river rat bites you but does no damage.
Okay, then.
The bat hits you but does no damage. The shadow imp hits you.
You die...

###############
#.............#
#.............#
#............##
#............######
#............+(r..#
##'###...##..##b..#
#....#...##..##.@§#
#....#....#...@5r.#
#....#(...+.......#
#....###+###########
#..................#
#..................#
#.........(........#
#.......<..........#
######.............#
#.............#####


You could see Eustachio, a river rat (summoned), a shadow imp (summoned), a bat
(summoned) and a rat (summoned).

Vanquished Creatures
  2 orc priests (D:3)
  Robin (D:3)
  5 adders
  3 worms
  3 dart slugs
  4 orcs (D:3)
  4 bats
  7 endoplasms
  4 giant cockroaches
  12 goblins
  7 hobgoblins
  4 quokkas
  8 ball pythons
  4 frilled lizards
  5 kobolds
  3 rats
76 creatures vanquished.

Notes
Turn   | Place    | Note
-------+----------+-------------------------------------------
     0 | Abyss:1  | Gargoyl the Gargoyle Abyssal Knight began the quest for the
                  | Orb.
     0 | Abyss:1  | Reached XP level 1. HP: 14/14 MP: 2/2
    48 | D:1      | Escaped the Abyss
   183 | D:1      | Reached XP level 2. HP: 20/20 MP: 3/3
   332 | D:1      | Reached * piety under Lugonu
   456 | D:1      | You fall into a shaft and drop 1 floor!
   663 | D:1      | Reached skill level 1 in Dodging
   668 | D:1      | Reached XP level 3. HP: 14/24 MP: 4/4
  1023 | D:1      | Reached skill level 4 in Fighting
  1985 | D:2      | Reached XP level 4. HP: 29/29 MP: 5/5
  2183 | D:2      | Found a faded altar of an unknown god.
  2920 | D:3      | Reached ** piety under Lugonu
  2956 | D:3      | Noticed Robin
  2964 | D:3      | Killed Robin
  3010 | D:3      | Reached XP level 5. HP: 32/33 MP: 6/6
  3331 | D:3      | Found a radiant altar of Vehumet.
  3339 | D:3      | Found an ancient bone altar of Kikubaaqudgha.
  3341 | D:3      | Found a shimmering blue altar of Sif Muna.
  3347 | D:3      | Got Vehumet's Incunabulum of Damage Dealing
  3464 | D:3      | Reached skill level 1 in Stealth
  4143 | D:4      | Noticed Eustachio
  4167 | D:4      | Slain by a shadow imp

Illustrated notes

Levels and vault maps discovered:
D:1:      giann_forest_graveyard, layout_basic
D:2:      layout_loops_ring, nicolae_ecumenical_snake_handling
D:3:      layout_basic, grunt_temple_overflow_magic_moments,
          kennysheep_generic_room_4, uniq_robin
D:4:      layout_gridville, mainiacjoe_overflow_six_doors_small,
          nicolae_wooded_promenade, uniq_eustachio

Skill      XL: |  1  2  3  4  5 |
---------------+----------------+-----
Axes           | 2 3 |  3.8
Dodging        | 1 |  1.9
Fighting       | 4 |  4.2
Stealth        | 1 |  1.0
Armour         | |  2.8
Shields        | |  0.9
Invocations    | |  2.0

Action                   |  1- 3 |  4- 6 || total
-------------------------+-------+-------++-------
Melee: Hand axe          |   129 |   160 ||   289
       Punch             |       |     1 ||     1
Throw: Dart              |       |     7 ||     7
Invok: Depart the Abyss  |     1 |       ||     1
  Use: Scroll            |     2 |     5 ||     7
       Potion            |       |     5 ||     5
Armor: Leather armour    |    49 |    36 ||    85
       Chain mail        |       |    61 ||    61
       Skin              |       |     9 ||     9
Dodge: Dodged            |    86 |    97 ||   183
Block: Other             |       |    42 ||    42

Table legend: (Time is in decaauts)
 A = Elapsed time spent in this place.
 B = Non-inter-level travel time spent in this place.
 C = Inter-level travel time spent in this place.
 D = Time resting spent in this place.
 E = Time spent auto-exploring this place.
 F = Levels seen in this place.
 G = Mean time per level.
                   A        B        C        D        E       F      G
               +--------+--------+--------+--------+--------+-----+--------+
         Total |   4221 |   3999 |    222 |    442 |   2683 |   5 |  844.2 |
       Dungeon |   4170 |   3948 |    222 |    442 |   2633 |   4 | 1042.5 |
         Abyss |     51 |     51 |      0 |      0 |     50 |   1 |   51.0 |
               +--------+--------+--------+--------+--------+-----+--------+

Top non-repeatable levels by time:
     D:1: 1790 daAuts
     D:3: 1151 daAuts
     D:2: 1138 daAuts
     D:4: 89 daAuts
 Abyss:1: 51 daAuts
